[Event "GER-chT Youth Countries 2018"]
[Site "Wurzburg"]
[Date "2018.10.05"]
[Round "5"]
[White "Koelle, Tobias"]
[Black "Yankelevich, Michael"]
[Result "1-0"]
[ECO "D31"]
[WhiteElo "2125"]
[BlackElo "1961"]
[Annotator "NA RC"]
[PlyCount "127"]
[EventDate "2018.10.03"]
[EventType "team-tourn"]
[EventCountry "GER"]
[SourceTitle "playchess.com"]
[Source "ChessBase"]
[SourceQuality "1"]
[TimeControl "40/5400+30:1800+30"]

1. d4 d5 2. c4 e6 3. Nc3 c6 4. e3 Bd6 5. Nf3 f5 6. Bd3 Nh6 {[%emt 0:01:22] A84: Dutch Defence: 2 c4 Miscellaneous} 7. Qc2 O-O 8. b3 Nd7 9. Bb2 b6 10. O-O $146 ({Predecessor:} 10. Ne2 Bb7 11. Ng3 Rc8 12. a3 Qe7 13. Qe2 c5 14. cxd5 Bxd5 {0-1 (39) Diermair,A (2479)-Erdos,V (2579) Prague 2016}) 10... Bb7 11. a4 a5 12. Ba3 Qe7 13. Bxd6 Qxd6 14. Ne2 Rac8 15. cxd5 exd5 16. Ng3 Qf6 17. Qb2 c5 18. Bb5 Bc6 19. Bxc6 Rxc6 $16 20. Ne5 Nxe5 21. dxe5 Qh4 22. Ne2 Re8 23. h3 Qe4 24. Rad1 Qxe5 25. Qxe5 Rxe5 26. Rd2 c4 27. Rb1 cxb3 28. Rxb3 Re4 29. Nd4 Rc4 30. Rxb6 f4 31. Nb5 Rc1+ 32. Kh2 fxe3 33. fxe3 Rxa4 34. Rxd5 Rf1 35. Rd7 Rf8 36. Rbb7 Nf5 37. Nd4 Rb4 38. Ra7 a4 39. Nxf5 Rxf5 40. Rxg7+ Kf8 41. Rxh7 Kg8 42. Rhd7 Re4 43. Rd8+ Rf8 44. Rd4 Rxe3 45. Rg4+ Kh8 46. Raxa4 Re7 47. Rh4+ Rh7 48. Rxh7+ Kxh7 49. Ra6 Rb8 50. h4 Kg7 51. Kh3 Kh7 52. g3 Kg7 53. h5 Kh7 54. Kh4 Kg7 55. g4 Kh7 56. Ra7+ Kh8 57. h6 Rc8 58. Kh5 Rb8 59. g5 Rc8 60. Ra5 Rb8 61. g6 Rc8 62. Rd5 Rf8 63. g7+ Kh7 64. gxf8=N+ 1-0

[Event "GER-chT Youth Countries 2018"]
[Site "Wurzburg"]
[Date "2018.10.05"]
[Round "5"]
[White "Burian, Simon"]
[Black "Mantel, Ruben"]
[Result "1-0"]
[ECO "B33"]
[WhiteElo "2091"]
[BlackElo "2101"]
[Annotator "NA RC"]
[PlyCount "59"]
[EventDate "2018.10.03"]
[EventType "team-tourn"]
[EventCountry "GER"]
[SourceTitle "playchess.com"]
[Source "ChessBase"]
[SourceQuality "1"]
[TimeControl "40/5400+30:1800+30"]

1. e4 c5 2. Nf3 Nc6 3. d4 cxd4 4. Nxd4 Nf6 5. Nc3 e5 6. Ndb5 d6 7. Bg5 a6 8. Na3 b5 9. Bxf6 gxf6 10. Nd5 Bg7 11. Bd3 Be6 12. O-O f5 13. Qh5 f4 14. c3 O-O 15. Nc2 h6 {[%emt 0:09:08] LiveBook: 3 Games} 16. Rfd1 $14 Rb8 17. h3 f5 18. Ndb4 Ne7 19. Nxa6 Rb6 20. Nab4 Qa8 21. Qf3 d5 22. exd5 Bd7 23. Bf1 Ng6 24. Qh5 Kh7 25. Rd2 Be8 26. d6 Bd7 27. Rad1 e4 28. Nd5 Rxd6 29. Nc7 Rxd2 30. Nxa8 1-0

[Event "GER-chT Youth Countries 2018"]
[Site "Wurzburg"]
[Date "2018.10.05"]
[Round "5"]
[White "Pubantz, Jan"]
[Black "Glinzner, Alva"]
[Result "1-0"]
[ECO "E09"]
[WhiteElo "2084"]
[BlackElo "1787"]
[Annotator "NA RC"]
[PlyCount "83"]
[EventDate "2018.10.03"]
[EventType "team-tourn"]
[EventCountry "GER"]
[SourceTitle "playchess.com"]
[Source "ChessBase"]
[SourceQuality "1"]
[TimeControl "40/5400+30:1800+30"]

1. d4 Nf6 2. c4 e6 3. Nf3 d5 4. g3 Be7 5. Bg2 O-O 6. O-O c6 7. Qc2 Nbd7 8. Nbd2 b6 9. e4 Bb7 10. e5 Ne8 11. cxd5 cxd5 12. Re1 Rc8 13. Qa4 {[%emt 0:01:37] E09: Closed Catalan: Main Line: 7 Qc2 c6 8 Nbd2} (13. Qd1 Qc7 14. Nb1 b5 15. Bf1 b4 16. Bd3 h6 17. Bf4 Qb6 18. Nbd2 Ba6 19. Bc2 f5 20. exf6 Rxf6 {1-0 (32) Gelfand,B (2729)-Stupak,K (2573) Tbilisi 2017}) 13... Bc6 14. Qb3 b5 15. Bf1 b4 16. Bd3 $146 ({Predecessor:} 16. Ba6 Rb8 17. Bd3 Bb5 18. Bb1 Rc8 19. Nf1 a5 20. a4 Bc4 {1-0 (49) Swinkels,R (2482)-Orlov,A (2489) Germany 2016}) 16... Nb6 17. Bb1 Bb5 18. Nf1 a5 19. h4 h6 20. N1h2 Qc7 21. Ng4 Ba4 22. Qe3 Bc2 23. Nxh6+ $17 (23. b3 $11) 23... gxh6 24. Qxh6 Bxb1 25. Rxb1 Qc2 26. Bg5 Bxg5 27. Nxg5 Ng7 28. h5 Nd7 29. g4 f6 30. Rbc1 Qd3 31. Rxc8 Rxc8 32. exf6 Nxf6 33. Qxf6 Rf8 34. Qe5 Qd2 35. Qe3 Rxf2 36. Qxf2 Qxg5 37. Qg2 Qf4 38. Rd1 Qe3+ 39. Kh1 Qf4 40. Rf1 Qg5 41. Qf3 Qe7 42. Qf6 1-0

[Event "GER-chT Youth Countries 2018"]
[Site "Wurzburg"]
[Date "2018.10.05"]
[Round "5"]
[White "Musiolik, David"]
[Black "Richter, Nils"]
[Result "1/2-1/2"]
[ECO "B47"]
[WhiteElo "2057"]
[BlackElo "2035"]
[Annotator "NA RC"]
[PlyCount "64"]
[EventDate "2018.10.03"]
[EventType "team-tourn"]
[EventCountry "GER"]
[SourceTitle "playchess.com"]
[Source "ChessBase"]
[SourceQuality "1"]
[TimeControl "40/5400+30:1800+30"]

1. e4 c5 2. Nf3 e6 3. d4 cxd4 4. Nxd4 Nc6 5. Nc3 Qc7 6. Nb3 Nf6 7. Bd3 a6 8. O-O Be7 9. f4 d6 10. Qe2 O-O 11. Bd2 b5 12. Rae1 b4 13. Nd1 $15 {[%emt 0:06:51] LiveBook: 6 Games} Nd7 14. c3 a5 15. Nd4 Nc5 16. Bb5 Bb7 17. Nxc6 Bxc6 18. Bxc6 Qxc6 19. Kh1 Rab8 20. Rf3 Rfe8 21. Nf2 Bf8 22. Nd3 d5 23. Nxc5 Bxc5 24. c4 Bd4 25. Rd3 Qxc4 26. b3 Qc5 27. exd5 Rbd8 28. dxe6 Rxe6 29. Qd1 Rde8 30. Rxe6 Rxe6 31. Be3 Rxe3 32. Rxd4 Re8 1/2-1/2

[Event "GER-chT Youth Countries 2018"]
[Site "Wurzburg"]
[Date "2018.10.05"]
[Round "5"]
[White "Joeres, Stefan"]
[Black "Browning, Alex"]
[Result "1-0"]
[ECO "B90"]
[WhiteElo "2043"]
[BlackElo "2150"]
[Annotator "NA"]
[PlyCount "71"]
[EventDate "2018.10.03"]
[EventType "team-tourn"]
[EventCountry "GER"]
[SourceTitle "playchess.com"]
[Source "ChessBase"]
[SourceQuality "1"]
[TimeControl "40/5400+30:1800+30"]

1. e4 c5 2. Nf3 d6 3. d4 cxd4 4. Nxd4 Nf6 5. Nc3 a6 6. a3 e5 7. Nf5 d5 8. Bg5 d4 9. Bxf6 gxf6 10. Nb1 Be6 11. Bd3 Qb6 12. b3 Nd7 13. Nd2 Qc6 14. O-O Nc5 15. Bc4 h5 $15 16. Qe2 b5 17. Bxe6 Nxe6 18. g3 Rc8 19. Rfc1 Qc3 20. a4 Bb4 21. Rd1 Qxc2 22. axb5 Ng5 23. Rdc1 Qxc1+ 24. Rxc1 Rxc1+ 25. Nf1 Rc3 26. bxa6 d3 27. Qd1 Ne6 28. N1e3 Ba3 29. Kg2 Nc5 30. Qa1 Rxb3 31. Nc4 d2 32. Nxd2 Rd3 33. Nc4 h4 34. Nxh4 O-O 35. Nxa3 Ra8 36. Qc1 1-0

[Event "GER-chT Youth Countries 2018"]
[Site "Wurzburg"]
[Date "2018.10.05"]
[Round "5"]
[White "Hund, Sarah"]
[Black "Dietz, Kristin"]
[Result "1-0"]
[ECO "B24"]
[WhiteElo "2023"]
[BlackElo "1762"]
[Annotator "NA"]
[PlyCount "53"]
[EventDate "2018.10.03"]
[EventType "team-tourn"]
[EventCountry "GER"]
[SourceTitle "playchess.com"]
[Source "ChessBase"]
[SourceQuality "1"]
[TimeControl "40/5400+30:1800+30"]

1. e4 c5 2. Nc3 Nc6 3. Bb5 Nd4 4. Nf3 Nxb5 5. Nxb5 d5 6. exd5 a6 7. Nc3 Nf6 8. Ne5 g6 9. Qf3 Bg7 10. O-O O-O 11. d3 Bf5 12. Nc4 b5 13. Ne3 Bd7 14. Ne4 Qc7 15. d6 exd6 16. Nxf6+ Kh8 17. Ned5 Qd8 18. Bg5 h6 19. Nxd7 Qxd7 20. Bf6 Qc6 21. c4 b4 22. Rfe1 Rae8 23. Rxe8 Rxe8 24. Bxg7+ Kxg7 25. Qf6+ Kg8 26. Ne7+ Rxe7 27. Qxe7 1-0

[Event "GER-chT Youth Countries 2018"]
[Site "Wurzburg"]
[Date "2018.10.05"]
[Round "5"]
[White "Leser, Katrin"]
[Black "Ley, Sabrina"]
[Result "1-0"]
[ECO "B90"]
[WhiteElo "2018"]
[BlackElo "1902"]
[Annotator "NA RC"]
[PlyCount "67"]
[EventDate "2018.10.03"]
[EventType "team-tourn"]
[EventCountry "GER"]
[SourceTitle "playchess.com"]
[Source "ChessBase"]
[SourceQuality "1"]
[TimeControl "40/5400+30:1800+30"]

1. e4 c5 2. Nf3 d6 3. d4 cxd4 4. Nxd4 Nf6 5. Nc3 a6 6. Be3 e5 7. Nb3 Be6 8. f3 h5 9. Qd2 Be7 10. a4 b6 11. Be2 Nbd7 12. O-O Qc7 13. Rfd1 O-O 14. Nd5 Nxd5 15. exd5 Bf5 16. c4 Rfc8 (16... a5 $11) 17. a5 $16 Nc5 18. axb6 Nxb3 19. bxc7 Nxd2 20. Rxd2 Rxc7 21. c5 Rb7 22. Rxa6 Rxa6 23. Bxa6 Rb3 24. Kf2 dxc5 25. d6 Bd8 26. Bxc5 Bd7 27. Bc4 Rb8 28. b4 Rc8 29. Ra2 Bb6 30. Bxb6 Rxc4 31. Bc5 Rc1 32. Ra7 Rc2+ 33. Kg3 Bc6 34. Rc7 1-0

[Event "GER-chT Youth Countries 2018"]
[Site "Wurzburg"]
[Date "2018.10.05"]
[Round "5"]
[White "Boehm, Jana"]
[Black "Mundt, Alexandra"]
[Result "1/2-1/2"]
[ECO "C42"]
[WhiteElo "2001"]
[BlackElo "1679"]
[Annotator "NA"]
[PlyCount "66"]
[EventDate "2018.10.03"]
[EventType "team-tourn"]
[EventCountry "GER"]
[SourceTitle "playchess.com"]
[Source "ChessBase"]
[SourceQuality "1"]
[TimeControl "40/5400+30:1800+30"]

1. e4 e5 2. Nf3 Nf6 3. Nxe5 d6 4. Nf3 Nxe4 5. Nc3 Nf6 6. d4 Be7 7. Bd3 O-O 8. h3 {[%emt 0:02:00] C42: Petroff Defence: 3 Nxe5 and unusual White 3rd moves} (8. O-O Nc6 9. d5 Ne5 10. Nxe5 dxe5 11. Re1 Nd7 12. Ne4 Nf6 13. Nxf6+ Bxf6 14. Qf3 Re8 15. c4 b6 {0-1 (41) Wei,Y (2729)-Yu,Y (2762) Danzhou 2018}) 8... Re8 9. Be3 Nbd7 10. Qd2 Nb6 $146 ({Predecessor:} 10... Nf8 11. O-O-O c6 12. Ng5 b5 13. Nge4 Qa5 14. Kb1 Nxe4 15. Nxe4 Qxd2 16. Rxd2 {½-½ (90) Nikolovski,N (1996)-Zagorsek,D (1734) Budva 2013}) 11. O-O Be6 12. b3 Qd7 13. Ne4 Rad8 14. c4 Nxe4 15. Bxe4 d5 16. Ne5 Qc8 17. Bd3 f6 18. cxd5 fxe5 19. dxe6 exd4 20. Bf4 Nd5 21. Be5 c5 22. Qc2 $11 (22. Rae1 $16) 22... Qxe6 23. Bxh7+ Kh8 24. Rfe1 Bf6 25. Bf5 Qe7 26. Qd1 Bxe5 27. Qh5+ Kg8 28. Qh7+ Kf8 29. Qh8+ Kf7 30. Qh5+ Kg8 31. Qh7+ Kf8 32. Qh8+ Kf7 33. Qh5+ Kg8 1/2-1/2

[Event "GER-chT Youth Countries 2018"]
[Site "Wurzburg"]
[Date "2018.10.05"]
[Round "5"]
[White "Wu, Luka"]
[Black "Wagner, Leopold Franziskus"]
[Result "1/2-1/2"]
[ECO "B18"]
[WhiteElo "2001"]
[BlackElo "1934"]
[Annotator "NA"]
[PlyCount "105"]
[EventDate "2018.10.03"]
[EventType "team-tourn"]
[EventCountry "GER"]
[SourceTitle "playchess.com"]
[Source "ChessBase"]
[SourceQuality "1"]
[TimeControl "40/5400+30:1800+30"]

1. e4 c6 2. d4 d5 3. Nc3 dxe4 4. Nxe4 Bf5 5. Ng3 Bg6 6. h4 h6 7. h5 Bh7 8. Nf3 e6 9. Bd3 Bxd3 10. Qxd3 Nf6 11. Bd2 Nbd7 12. O-O-O Bd6 13. Ne2 Ng4 14. Be3 Ndf6 15. Kb1 Nd5 16. Rdf1 Qc7 17. c4 Ndxe3 18. fxe3 $11 O-O-O 19. Nd2 Rhf8 20. Nc3 f5 21. Ne2 Kb8 22. Qc3 e5 23. c5 Be7 24. Nc4 Bf6 25. Rxf5 exd4 26. exd4 Qe7 27. Qf3 Rfe8 28. Ng3 Ne3 29. Nd6 Nxf5 30. Ngxf5 Qe2 31. Qb3 Re7 32. Nxe7 Qxe7 33. Qb4 Qd7 34. Rh3 Be7 35. Rf3 Bxd6 36. cxd6 Qxd6 37. Qxd6+ Rxd6 38. Rg3 Rd7 39. Rg6 Kc8 40. Kc2 Kd8 41. Kc3 Ke8 42. Rg4 Kf7 43. Rf4+ Ke6 44. g4 Re7 45. Kd3 Rf7 46. Rxf7 Kxf7 47. Ke4 Ke6 48. b3 b6 49. b4 b5 50. a3 a6 51. Ke3 Ke7 52. Ke4 Ke6 53. Ke3 {[%emt 0:00:00] Ke5 Ke4+} 1/2-1/2

[Event "GER-chT Youth Countries 2018"]
[Site "Wurzburg"]
[Date "2018.10.05"]
[Round "5"]
[White "Grund, Sebastian"]
[Black "Huber, Benedikt"]
[Result "0-1"]
[ECO "A46"]
[WhiteElo "1992"]
[BlackElo "2116"]
[Annotator "NA RC"]
[PlyCount "50"]
[EventDate "2018.10.03"]
[EventType "team-tourn"]
[EventCountry "GER"]
[SourceTitle "playchess.com"]
[Source "ChessBase"]
[SourceQuality "1"]
[TimeControl "40/5400+30:1800+30"]

1. d4 Nf6 2. Nf3 e6 3. c4 d5 4. g3 Bb4+ 5. Bd2 Bd6 6. Bg2 c6 7. O-O O-O 8. Qc2 Ne4 9. Nc3 Nxd2 10. Nxd2 f5 11. c5 Bc7 12. b4 Nd7 13. e3 e5 14. f4 e4 15. b5 Nf6 16. bxc6 bxc6 17. Qa4 Qe8 18. Rfb1 a5 $17 19. Qa3 Qh5 20. Na4 Ba6 21. Bf1 Ng4 22. h3 Nh6 23. Kg2 Be2 24. Rb2 Bg4 25. h4 g5 0-1

[Event "GER-chT Youth Countries 2018"]
[Site "Wurzburg"]
[Date "2018.10.05"]
[Round "5"]
[White "Laux, Dominik"]
[Black "Koenze, Heike"]
[Result "1/2-1/2"]
[ECO "A40"]
[WhiteElo "1987"]
[BlackElo "1845"]
[Annotator "NA RC"]
[PlyCount "83"]
[EventDate "2018.10.03"]
[EventType "team-tourn"]
[EventCountry "GER"]
[SourceTitle "playchess.com"]
[Source "ChessBase"]
[SourceQuality "1"]
[TimeControl "40/5400+30:1800+30"]

1. d4 e6 2. Bf4 d5 3. e3 Nf6 4. Nf3 c5 5. c3 Be7 6. Nbd2 Nc6 7. Bd3 Nh5 8. Bg3 cxd4 {[%emt 0:03:16] D02: 1 d4 d5 2 Nf3 sidelines, including 2...Nf6 3 g3 and 2...Nf6 3 Bf4} (8... Nxg3 9. hxg3 h6 10. Qe2 a6 11. a3 b6 12. Rd1 Bb7 13. e4 cxd4 14. cxd4 dxe4 15. Nxe4 Qd5 16. Nc3 {1-0 (26) Berkes,F (2669)-Pap,M (2502) Neustadt an der Weinstrasse 2018}) 9. exd4 Nxg3 10. hxg3 h6 11. O-O Bd7 $146 ({Predecessor:} 11... a6 12. Qe2 Bd7 13. Rfe1 b5 14. b4 {½-½ (50) Schwertel,J (2021)-Zunker,R (2189) Halle 2011}) 12. Re1 Qb6 13. Rb1 h5 14. Ne5 Nxe5 15. Rxe5 h4 16. gxh4 Bxh4 17. Rh5 O-O-O 18. Rxh8 Rxh8 19. Nf3 Bf6 20. Bf1 Qd6 21. Qe2 Qf4 22. g3 Qf5 23. Rc1 Qh5 24. Bg2 e5 $14 (24... Bc6 $11) 25. dxe5 Bh3 26. Qf1 Bxg2 27. Qxg2 Bxe5 28. Nxe5 Qxe5 29. Rd1 Rh5 30. Qf3 Qf5 31. Qe2 Qe5 32. Qxe5 Rxe5 33. Rd2 Kc7 34. f4 Rf5 35. Kf2 Kc6 36. Kf3 Rf6 37. Rh2 Kc5 38. g4 g5 39. f5 Rb6 40. Ke3 f6 41. Kd3 a5 42. Re2 1/2-1/2

[Event "GER-chT Youth Countries 2018"]
[Site "Wurzburg"]
[Date "2018.10.05"]
[Round "5"]
[White "Halas, Julia"]
[Black "Lesny, Florian"]
[Result "0-1"]
[ECO "D52"]
[WhiteElo "1972"]
[BlackElo "2073"]
[Annotator "NA RC"]
[PlyCount "102"]
[EventDate "2018.10.03"]
[EventType "team-tourn"]
[EventCountry "GER"]
[SourceTitle "playchess.com"]
[Source "ChessBase"]
[SourceQuality "1"]
[TimeControl "40/5400+30:1800+30"]

1. d4 d5 2. c4 c6 3. Nf3 Nf6 4. Nc3 e6 5. Bg5 Nbd7 6. e3 Qa5 7. Nd2 Bb4 8. Qc2 dxc4 9. Bxf6 Nxf6 10. Nxc4 Qc7 11. Be2 O-O 12. O-O Rd8 13. Bf3 {[%emt 0:00:55] D52: Queen's Gambit Declined: Cambridge Springs Variation} (13. Rac1 Bd7 14. a3 Bf8 15. b4 Be8 16. Rfd1 Rac8 17. e4 Nd7 18. e5 f6 19. exf6 gxf6 20. Bd3 f5 {½-½ (29) Lupulescu,C (2638)-Esen,B (2553) Sarajevo 2011}) 13... Bd7 14. a3 Bf8 15. b4 Rac8 $146 ({Predecessor:} 15... Be8 16. Rfd1 Nd5 17. Ne4 g6 18. Rac1 Rac8 19. h4 h6 20. Qb3 Bg7 {1-0 (67) Bobula,M (2417)-Staniszewski,P (2402) Chotowa 2007}) 16. Rac1 b6 17. Ne4 Nxe4 18. Qxe4 c5 19. dxc5 bxc5 20. bxc5 Qxc5 21. Qb1 Qb5 22. Nd2 $17 (22. Qa2 $142) 22... Bxa3 23. Rcd1 Qxb1 24. Rxb1 Rb8 25. Nc4 Bc5 26. Rxb8 Rxb8 27. h3 f6 28. Rd1 Be8 29. Na5 Kf8 30. Nb7 Bb6 31. Rc1 Ke7 32. Kf1 Bb5+ 33. Ke1 Ba6 34. Nc5 Bc8 35. Na4 Ba5+ 36. Kd1 Bd7 37. Nc5 Bb5 38. Nb7 Bb6 39. Ra1 Rc8 40. Na5 f5 41. Ra3 e5 42. e4 g6 43. Ra2 Rd8+ 44. Kc1 Ke6 45. g4 Rc8+ 46. Kd1 Rc3 47. exf5+ gxf5 48. gxf5+ Kxf5 49. Bg4+ Kf4 50. Nb7 Bc6 51. Na5 Bd5 0-1

[Event "GER-chT Youth Countries 2018"]
[Site "Wurzburg"]
[Date "2018.10.05"]
[Round "5"]
[White "Arnhold, Steffi"]
[Black "Astner, Sebastian"]
[Result "0-1"]
[ECO "B00"]
[WhiteElo "1955"]
[BlackElo "1849"]
[Annotator "NA RC"]
[PlyCount "94"]
[EventDate "2018.10.03"]
[EventType "team-tourn"]
[EventCountry "GER"]
[SourceTitle "playchess.com"]
[Source "ChessBase"]
[SourceQuality "1"]
[TimeControl "40/5400+30:1800+30"]

1. e4 Nc6 2. d4 d5 3. e5 f6 4. f4 Bf5 5. Nf3 Nh6 6. Bd3 e6 7. c3 Be7 8. Qe2 Qd7 9. Be3 O-O 10. Nbd2 a6 11. Nf1 b5 12. Ng3 Bxd3 13. Qxd3 fxe5 $14 14. fxe5 Na5 15. O-O Nf5 16. Ng5 Bxg5 17. Bxg5 Nxg3 18. Qxg3 Rxf1+ 19. Rxf1 Rf8 20. Rxf8+ Kxf8 21. Qf3+ Qf7 22. Qxf7+ Kxf7 23. Bd8 Nc4 24. b3 Ne3 25. Bxc7 Kg6 26. Kf2 Nd1+ 27. Ke1 Nxc3 28. a3 b4 29. Ba5 Nb5 30. Bxb4 Nxd4 31. Kd2 Kf5 32. Kd3 Nc6 33. Bd6 Nxe5+ 34. Kd4 Nc6+ 35. Kc5 Na5 36. Kb6 Nxb3 37. Kxa6 d4 38. Kb5 d3 39. Bb4 d2 40. Bxd2 Nxd2 41. a4 Nb3 42. Kb4 Nd4 43. Kc5 e5 44. Kc4 Nc6 45. Kd3 e4+ 46. Ke3 Ke5 47. g3 Na5 0-1

[Event "GER-chT Youth Countries 2018"]
[Site "Wurzburg"]
[Date "2018.10.05"]
[Round "5"]
[White "Schallner, Marc"]
[Black "Wiesner, Paula"]
[Result "0-1"]
[ECO "C01"]
[WhiteElo "1932"]
[BlackElo "1969"]
[Annotator "NA RC"]
[PlyCount "154"]
[EventDate "2018.10.03"]
[EventType "team-tourn"]
[EventCountry "GER"]
[SourceTitle "playchess.com"]
[Source "ChessBase"]
[SourceQuality "1"]
[TimeControl "40/5400+30:1800+30"]

1. e4 e6 2. d4 d5 3. exd5 exd5 4. Nf3 Bg4 5. Bd3 Nf6 6. O-O Bd6 {[%emt 0:01:19] C01: French: Exchange Variation} (6... Be7 7. c3 O-O 8. Re1 c5 9. dxc5 Bxc5 10. Be3 Bxe3 11. Rxe3 Nc6 12. Nbd2 d4 13. cxd4 Nxd4 14. Qa4 Nf5 15. Bxf5 Bxf5 {½-½ (42) Areshchenko,A (2709)-Kaidanov,G (2574) Tromsoe 2013}) 7. Re1+ Be7 8. Bf4 O-O 9. Nbd2 Nbd7 10. c3 Re8 11. Qc2 c5 12. Ne5 $146 ({Predecessor:} 12. dxc5 Nxc5 {0-1 (34) Stulken,D (1352)-Richter,E (1246) Frankfurt 2008}) 12... Be6 13. Ndf3 h6 14. Ng6 c4 15. Nxe7+ Rxe7 16. Bf1 Nf8 17. Ne5 N6d7 18. g3 Nxe5 19. Bxe5 Qd7 20. Bg2 Rae8 21. Qd2 Bf5 22. Bf4 Ng6 23. Rxe7 Rxe7 24. Re1 Rxe1+ 25. Qxe1 Nxf4 26. gxf4 Qe6 27. Qe5 Be4 28. Qxe6 fxe6 29. Bxe4 dxe4 30. Kf1 Kf7 31. Ke2 Kf6 32. Ke3 Kf5 33. h4 b5 34. b4 h5 35. f3 exf3 36. Kxf3 g6 37. Ke3 Kg4 38. Ke4 Kxh4 39. Ke5 Kg4 40. Kxe6 h4 41. d5 h3 42. d6 h2 43. d7 h1=Q 44. d8=Q Qe4+ 45. Kf6 Qxf4+ 46. Kg7 Qe5+ 47. Kh6 Qxc3 48. Qg5+ Kf3 49. Qxb5 Qd2+ 50. Kxg6 c3 51. Qf5+ Ke3 52. Qe5+ Kf2 53. Qh2+ Ke1 54. Qh1+ Ke2 55. Qh5+ Kd3 56. Qf5+ Ke3 57. Qe5+ Kf3 58. Qf5+ Qf4 59. Qd3+ Qe3 60. Qf1+ Ke4 61. Qc4+ Qd4 62. Qe2+ Kd5 63. Qb5+ Kd6 64. Qb8+ Kc6 65. Qe8+ Kb6 66. Qb8+ {[%emt 0:01:10] [#]} Ka6 $1 67. Kh5 Qd5+ 68. Kh4 $19 Qc4+ 69. Kh3 c2 70. b5+ Ka5 71. Qxa7+ Kb4 72. Qe7+ Kc3 73. Qe5+ Kd2 74. Qg5+ Kc3 75. Qe5+ Qd4 76. Qe1+ Kb2 77. Qe2 Kb1 0-1

[Event "GER-chT Youth Countries 2018"]
[Site "Wurzburg"]
[Date "2018.10.05"]
[Round "5"]
[White "Koehler, Lukas"]
[Black "Lutz, Ruben"]
[Result "1-0"]
[ECO "C01"]
[WhiteElo "1926"]
[BlackElo "2043"]
[Annotator "NA RC"]
[PlyCount "77"]
[EventDate "2018.10.03"]
[EventType "team-tourn"]
[EventCountry "GER"]
[SourceTitle "playchess.com"]
[Source "ChessBase"]
[SourceQuality "1"]
[TimeControl "40/5400+30:1800+30"]

1. e4 e6 2. d4 d5 3. exd5 exd5 4. Bd3 Bd6 5. Qf3 Nc6 6. c3 Nf6 7. h3 h6 8. Bf4 O-O 9. Ne2 Re8 10. Nd2 Bxf4 11. Qxf4 Qe7 12. g4 Ne4 13. Bxe4 dxe4 14. Nf1 Qd6 15. Ne3 $14 Bd7 16. O-O-O b5 17. h4 Ne7 18. h5 Rad8 19. Rhg1 Qxf4 20. Nxf4 f6 21. d5 Nc8 22. b3 Nb6 23. Rd2 Bc8 24. Rgd1 Rd6 25. Kb2 Red8 26. Rd4 Re8 27. Rc1 c6 28. dxc6 Rxc6 29. Rcd1 Bb7 30. Nf5 Ba8 31. Ng6 Rce6 32. Rd7 Nxd7 33. Rxd7 R6e7 34. Rxe7 Rxe7 35. Nfxe7+ Kf7 36. Kc2 Bb7 37. Kd2 Ke6 38. Ke3 a6 39. Nf5 1-0

[Event "GER-chT Youth Countries 2018"]
[Site "Wurzburg"]
[Date "2018.10.05"]
[Round "5"]
[White "Hommel, Niclas"]
[Black "Jakob, Georg"]
[Result "0-1"]
[ECO "B39"]
[WhiteElo "1915"]
[BlackElo "1960"]
[Annotator "NA RC"]
[PlyCount "56"]
[EventDate "2018.10.03"]
[EventType "team-tourn"]
[EventCountry "GER"]
[SourceTitle "playchess.com"]
[Source "ChessBase"]
[SourceQuality "1"]
[TimeControl "40/5400+30:1800+30"]

1. e4 c5 2. Nf3 g6 3. d4 cxd4 4. Nxd4 Bg7 5. c4 Nc6 6. Be3 Nf6 7. Nc3 Ng4 8. Qxg4 Nxd4 9. Qd1 e5 10. Bd3 O-O 11. O-O d6 12. Qd2 Be6 13. Rfd1 Rc8 14. b3 a6 15. Rac1 Qa5 16. Bf1 f5 17. f3 fxe4 18. fxe4 b5 19. Ne2 Qxd2 20. Rxd2 bxc4 21. Nxd4 exd4 22. Bxd4 Bh6 23. Rcc2 Bxd2 24. Rxd2 cxb3 25. axb3 Rc1 26. Rf2 Bxb3 27. Rxf8+ Kxf8 28. Kf2 Bc4 0-1

[Event "GER-chT Youth Countries 2018"]
[Site "Wurzburg"]
[Date "2018.10.05"]
[Round "5"]
[White "Arakelian, Aik"]
[Black "Riegel, Arinna"]
[Result "0-1"]
[ECO "B28"]
[WhiteElo "1879"]
[BlackElo "1881"]
[Annotator "NA"]
[PlyCount "58"]
[EventDate "2018.10.03"]
[EventType "team-tourn"]
[EventCountry "GER"]
[SourceTitle "playchess.com"]
[Source "ChessBase"]
[SourceQuality "1"]
[TimeControl "40/5400+30:1800+30"]

1. e4 c5 2. Nf3 a6 3. d4 cxd4 4. Nxd4 Nf6 5. Nc3 {[%emt 0:00:06] B28: Sicilian: 2 Nf3 a6 (O'Kelly Variation)} Qc7 (5... e6 6. Be2 Be7 7. O-O d6 8. f4 O-O 9. Be3 Qc7 10. Bf3 Nc6 11. Nxc6 bxc6 12. Na4 Bb7 13. c4 c5 14. Qc2 Nd7 15. Nc3 Nb8 16. Kh1 Nc6 17. Qf2 Rac8 18. b3 Bf6 19. e5 dxe5 20. Ne4 Be7 21. Bxc5 exf4 {½-½ (39) Danin,A (2587)-Navara,D (2737) Czech Republic 2017}) 6. Qf3 e6 7. g4 h6 $146 ({Predecessor:} 7... d6 8. Bg2 Nfd7 9. b3 Nc6 10. Nxc6 bxc6 11. Bb2 Be7 12. O-O-O O-O 13. h4 a5 {0-1 (35) Mosquera,M (2395)-Aroshidze,L (2580) Barbera del Valles 2012}) 8. Be2 Nc6 9. Nxc6 bxc6 10. g5 hxg5 11. Bxg5 Be7 12. h4 d5 13. O-O-O Rb8 14. exd5 cxd5 15. Bf4 Bd6 16. Bxd6 Qxd6 17. Ne4 Nxe4 18. Qxe4 Rb4 19. c4 Rxb2 20. Qe3 Rxa2 21. Rxd5 Qb4 22. Qe5 Qa3+ 23. Kd1 Ra1+ 24. Kd2 Rxh1 25. Qxg7 Qa1 26. Rd4 Qa5+ 27. Ke3 R1xh4 28. Bg4 Qe1+ 29. Be2 Qc3+ 0-1

[Event "GER-chT Youth Countries 2018"]
[Site "Wurzburg"]
[Date "2018.10.05"]
[Round "5"]
[White "Klenk, Sofie"]
[Black "Bui, Ngoc Han Julia"]
[Result "0-1"]
[ECO "B90"]
[WhiteElo "1873"]
[BlackElo "1876"]
[Annotator "NA RC"]
[PlyCount "78"]
[EventDate "2018.10.03"]
[EventType "team-tourn"]
[EventCountry "GER"]
[SourceTitle "playchess.com"]
[Source "ChessBase"]
[SourceQuality "1"]
[TimeControl "40/5400+30:1800+30"]

1. e4 c5 2. Nf3 d6 3. d4 cxd4 4. Nxd4 Nf6 5. Nc3 a6 6. h3 e6 7. g4 b5 8. Bg2 Bb7 9. g5 b4 10. gxf6 bxc3 11. fxg7 Bxg7 12. b3 Qh4 13. Qd3 $2 {[%emt 0:11:06] [#]} (13. Be3 $14 {stays ahead.}) 13... Nd7 ({Black should play} 13... Rg8 $1 $17 14. Rg1 Be5) 14. Ne2 $17 (14. Rg1 $15) 14... Nc5 15. Qg3 Qxg3 16. Nxg3 Nd3+ 17. Ke2 Nxc1+ 18. Raxc1 Rg8 19. Rcd1 Be5 20. Rhe1 Ke7 21. Bh1 Rab8 22. Nf1 f5 23. f3 fxe4 24. fxe4 a5 25. Bf3 Rbf8 26. Ne3 Ba6+ 27. Nc4 Rg3 28. Bg4 Rf4 29. Rd3 Rxe4+ 30. Kd1 Rxe1+ 31. Kxe1 Rg1+ 32. Kf2 Rc1 33. Bd1 d5 34. Nxe5 Bxd3 35. Nxd3 Rxd1 36. b4 Rd2+ 37. Ke3 Rxc2 38. bxa5 Rxa2 39. Nb4 Ra4 0-1